 Dungeon Crawl Stone Soup version 0.28-a0-1486-g8196b01e9b (webtiles) character file.

Game seed: 15839159256845332029

47 Nattfarinn the Sneak (level 3, -2/21 HPs)
             Began as a Kobold Brigand on Jan 12, 2022.
             Slain by a gnoll (8 damage)
             ... on level 2 of the Dungeon.
             The game lasted 00:01:56 (1448 turns).

Nattfarinn the Sneak (Kobold Brigand)               Turns: 1448, Time: 00:01:57

Health: -2/21      AC:  3    Str:  8    XL:     3   Next: 97%
Magic:  3/3        EV: 14    Int: 12    God:
Gold:   43         SH:  0    Dex: 18    Spells: 2/2 levels left

rFire   . . .      SeeInvis .   a - +2 dagger
rCold   . . .      Faith    .   (no shield)
rNeg    . . .      Spirit   .   b - +0 robe
rPois   .          Reflect  .   (no helmet)
rElec   .          Harm     .   c - +0 cloak
rCorr   .          Rampage  .   (no gloves)
Will    .....                   (no boots)
Stlth   ++++......              (no amulet)
HPRegen 0.07/turn               (no ring)
MPRegen 0.08/turn               (no ring)

@: no status effects
A: small, no large weapons, nightstalker 3
a: no special abilities


You were on level 2 of the Dungeon.
You visited 1 branch of the dungeon, and saw 2 of its levels.

You collected 43 gold pieces.

Inventory:

Hand Weapons
 a - a +2 dagger (weapon)
Missiles
 d - 8 poisoned darts (quivered)
 e - 2 curare-tipped darts
Armour
 b - a +0 robe (worn)
 c - a +0 cloak (worn)
 f - a +2 buckler
Scrolls
 h - a scroll of amnesia {unknown}
 j - a scroll of brand weapon {unknown}
Potions
 g - a potion of haste {unknown}
 i - a potion of might {unknown}


   Skills:
 - Level 2.1 Fighting
 * Level 4.1 Short Blades
 - Level 2.1 Throwing
 - Level 1.2 Dodging
 * Level 6.4 Stealth


You had 2 spell levels left.
You didn't know any spells.
Your spell library contained the following spells:

 Spells                   Type           Power      Damage    Failure   Level
 Corpse Rot               Necr/Air       0%         N/A       45%         2
 Poisonous Vapours        Pois/Air       0%         N/A       45%         2


Dungeon Overview and Level Annotations

Branches:
Dungeon (2/15)

Altars:


Innate Abilities, Weirdness & Mutations

You are small and have problems with some larger weapons.
You are completely attuned to the shadows.


Message History

You are too injured to fight recklessly!
You are too injured to fight recklessly!
You are too injured to fight recklessly!
You are too injured to fight recklessly!
You are too injured to fight recklessly!
You are too injured to fight recklessly!
You are too injured to fight recklessly!
You are too injured to fight recklessly!
You are too injured to fight recklessly!
You are too injured to fight recklessly!
You are too injured to fight recklessly!
You are too injured to fight recklessly!
You are too injured to fight recklessly!
You are too injured to fight recklessly!
You are too injured to fight recklessly!
You are too injured to fight recklessly!
You are too injured to fight recklessly!
You are too injured to fight recklessly!
You are too injured to fight recklessly!
You are too injured to fight recklessly!
You are too injured to fight recklessly!
You are too injured to fight recklessly!
You are too injured to fight recklessly!
You are too injured to fight recklessly!
You are too injured to fight recklessly!
You are too injured to fight recklessly!
You are too injured to fight recklessly!
You are too injured to fight recklessly!
You are too injured to fight recklessly!
Unknown command.
You hit the gnoll.
The gnoll is heavily wounded.
A gnoll comes into view. It is wielding a +0 club.
The gnoll misses you.
The gnoll shouts!
You hit the gnoll.
The gnoll is severely wounded.
You hear an angry hiss.
The gnoll hits you with a +0 spear!
You die...

... ##.g ... #g###
#g@.##..... ..
###.##..... ##..
#..#..... ...
##†...... ##.#
##....... ##<.# ..
#..##..## ##..##
#.. ##.## ..#
#..#####.#####..#
#..#
###.###....#.....##
#.#


You could see 3 gnolls.

Vanquished Creatures
  A worm (D:2)
  2 dart slugs
  2 ball pythons (D:2)
  3 bats (D:1)
  6 endoplasms
  2 goblins (D:1)
  3 hobgoblins
  6 kobolds (D:1)
  2 quokkas (D:1)
  2 frilled lizards (D:1)
  6 rats (D:1)
35 creatures vanquished.

Vanquished Creatures (others)
  10 plants (D:1)
10 creatures vanquished.

Grand Total: 45 creatures vanquished

Notes
Turn   | Place    | Note
-------+----------+-------------------------------------------
     0 | D:1      | Nattfarinn the Kobold Brigand began the quest for the Orb.
     0 | D:1      | Reached XP level 1. HP: 12/12 MP: 1/1
   120 | D:1      | Reached XP level 2. HP: 17/17 MP: 2/2
   393 | D:1      | Found a faded altar of an unknown god.
   483 | D:1      | Reached XP level 3. HP: 21/21 MP: 3/3
   602 | D:1      | Reached skill level 6 in Stealth
  1448 | D:2      | Slain by a gnoll

Illustrated notes

Levels and vault maps discovered:
D:1:      ebering_hopf_link, layout_loops_ring,
          shapermc_ecumenical_altar_mp_ritualfount,
          minmay_misc_feat_more_columns, lexackson_kobold_supper
D:2:      layout_rooms

Skill      XL: |  1  2  3 |
---------------+----------+-----
Short Blades   | 3 4 |  4.1
Stealth        | 6 |  6.4
Fighting       | |  2.1
Throwing       | |  2.1
Dodging        | |  1.2

Action                   || total
-------------------------++-------
Melee: Dagger            ||   202
       Punch             ||     4
 Stab: Sleeping          ||    21
Armor: Robe              ||     4
Dodge: Dodged            ||    23

Table legend: (Time is in decaauts)
 A = Elapsed time spent in this place.
 B = Non-inter-level travel time spent in this place.
 C = Inter-level travel time spent in this place.
 D = Time resting spent in this place.
 E = Time spent auto-exploring this place.
 F = Levels seen in this place.
 G = Mean time per level.
                   A        B        C        D        E       F      G
               +--------+--------+--------+--------+--------+-----+--------+
         Total |   1409 |   1386 |     23 |      0 |   1069 |   2 |  704.5 |
       Dungeon |   1409 |   1386 |     23 |      0 |   1069 |   2 |  704.5 |
               +--------+--------+--------+--------+--------+-----+--------+

Top non-repeatable levels by time:
     D:1: 1184 daAuts
     D:2: 225 daAuts
